 Dungeon Crawl Stone Soup version 0.21-a0-518-g43a1781 (webtiles) character file.

4374 Laiders the Cleaver (level 10, 0/81 HPs)
             Began as a Deep Dwarf Fighter on Dec 4, 2017.
             Was a Follower of Makhleb.
             Killed by divine providence
             ... invoked by an orc priest
              (10 damage)
             ... on level 8 of the Dungeon on Dec 5, 2017.
             The game lasted 00:21:32 (6297 turns).

Laiders the Cleaver (Deep Dwarf Fighter)            Turns: 6297, Time: 00:21:33

Health: 0/81       AC: 14    Str: 27    XL:     10   Next: 13%
Magic:  10/10      EV:  7    Int:  9    God:    Makhleb [*.....]
Gold:   390        SH: 12    Dex: 12    Spells: 9/9 levels left

rFire    . . .     SeeInvis +   a - +0 war axe
rCold    . . .     Gourm    .   c - +0 shield
rNeg     . . .     Faith    .   d - +0 chain mail
rPois    .         Spirit   .   l - +0 helmet
rElec    .         Reflect  .   y - +2 cloak
rCorr    .         Harm     .   (no gloves)
MR       +....                  b - +0 pair of boots
Stlth    ..........             (no amulet)
HPRegen  0.00/turn              e - ring of see invisible
MPRegen  0.12/turn              n - +4 ring of strength

@: non-regenerating
A: damage resistance, heal wounds, sense surroundings 2, no regeneration
a: Heal Wounds, Renounce Religion


You were on level 8 of the Dungeon.
You worshipped Makhleb.
Makhleb was aware of your devotion.
You were not hungry.

You visited 2 branches of the dungeon, and saw 9 of its levels.

You collected 390 gold pieces.

Inventory:

Hand Weapons
 a - a +0 war axe (weapon)
Missiles
 p - 6 exploding tomahawks
 H - a throwing net (quivered)
Armour
 b - a +0 pair of boots (worn)
 c - a +0 shield (worn)
 d - a +0 chain mail (worn)
 l - a +0 helmet (worn)
 y - a +2 cloak (worn)
Jewellery
 e - a ring of see invisible (left hand)
 j - a cursed ring of teleportation {unknown}
 n - a +4 ring of strength (right hand)
Wands
 m - a wand of random effects (39)
 o - a wand of acid (9)
 v - a wand of enslavement (3)
 z - a wand of iceblast (10)
Scrolls
 i - 2 scrolls of fear
 r - 3 scrolls of identify
 t - 2 scrolls of magic mapping {unknown}
 x - 2 scrolls of teleportation
 A - a scroll of remove curse
 B - a scroll of immolation {unknown}
 C - a scroll of fog {unknown}
 E - 2 scrolls of amnesia
 F - a scroll of enchant armour
Potions
 g - a potion of invisibility
 h - a potion of mutation
 k - 3 potions of curing
 s - a potion of haste
 u - 2 potions of brilliance
 D - a potion of lignification {unknown}
 G - a potion of agility {unknown}
Comestibles
 f - 9 bread rations
 q - 5 meat rations
 w - 5 royal jellies
 J - 4 fruits


   Skills:
 - Level 2.6 Fighting
 + Level 12.0 Axes
 - Level 3.2 Armour
 - Level 10.0 Shields
 - Level 6.0 Evocations


You had 9 spell levels left.
You didn't know any spells.

Dungeon Overview and Level Annotations

Branches:
Dungeon (8/15)             Temple (1/1) D:4
   Lair: D:8-11

Altars:
Ashenzari
Cheibriados
Dithmenos
Elyvilon
Fedhas
Gozag
Kikubaaqudgha
Makhleb
Nemelex Xobeh
Okawaru
Qazlal
Ru
Sif Muna
Uskayaw
Vehumet
Wu Jian
Xom
Yredelemnul
Zin
The Shining One

Annotations:
D:8 2 transporters


Innate Abilities, Weirdness & Mutations

You are resistant to damage.
You can heal yourself by infusing magical energy.
You passively map the area around you.
You do not regenerate.


Message History

Found a stone staircase leading down.
An orc and an orc priest come into view.
The orc shouts!
The orc throws a tomahawk.
The tomahawk hits you but does no damage.
You see here a tomahawk.
The orc throws a tomahawk.
The tomahawk hits you but does no damage.
The orc priest mumbles some strange prayers to Beogh against you.
Beogh smites you!
* * * LOW HITPOINT WARNING * * *
You see here a tomahawk.
The orc throws a tomahawk.
You block the tomahawk.
You see here 2 tomahawks.
The orc throws a tomahawk.
The tomahawk hits you but does no damage.
You see here a tomahawk.
The orc priest calls down the wrath of Beogh upon you.
Beogh smites you!
You die...

*#########
,oo.....(#
#######@#
##8## #.# **
8...8###.#
####, ,
.....###.#
..#_
.....>#..#
####,
.....##..# *
8 8...8###.#
# ##8#
*##.########
## * #
###.........#


You could see an orc priest and an orc.

Vanquished Creatures
  A two-headed ogre (D:8)
  Prince Ribbit (D:6)
  Sigmund (D:6)
  Edmund (D:6)
  A water moccasin (D:8)
  4 phantoms
  An ice beast (D:6)
  5 ogres
  2 centaurs
  4 bullfrogs
  16 wights
  4 howler monkeys
  2 centaur zombies
  2 crimson imps
  2 bullfrog zombies
  2 jellies
  2 orc priests (D:4)
  4 hounds
  Ijyb (D:3)
  Terence (D:2)
  An iguana (D:4)
  2 orc wizards (D:6)
  13 worker ants
  A worker ant zombie (D:6)
  4 gnolls (D:5)
  9 adders
  A shadow imp (D:5)
  3 oozes
  A worm (D:5)
  A dart slug (D:2)
  6 leopard geckos
  10 orcs
  9 bats
  5 giant cockroaches
  11 goblins
  9 hobgoblins
  2 jackals (D:8)
  4 quokkas
  A ball python (D:2)
  5 frilled lizards
  A jackal skeleton (D:5)
  7 kobolds
  A leopard gecko skeleton (D:6)
  2 leopard gecko zombies
  A quokka zombie (D:5)
  5 rats
172 creatures vanquished.

Notes
Turn   | Place    | Note
-------+----------+-------------------------------------------
     0 | D:1      | Laiders the Deep Dwarf Fighter began the quest for the Orb.
     0 | D:1      | Reached XP level 1. HP: 20/20 MP: 1/1
   219 | D:1      | Reached XP level 2. HP: 22/27 MP: 2/2
   442 | D:1      | Reached skill level 3 in Axes
   646 | D:2      | Reached XP level 3. HP: 21/33 MP: 3/3
   728 | D:2      | Noticed Terence
   747 | D:2      | Killed Terence
   875 | D:2      | Reached XP level 4. HP: 37/40 MP: 4/4
   879 | D:2      | Found an iron altar of Okawaru.
   993 | D:2      | Found a basalt altar of Yredelemnul.
  1103 | D:2      | Found a hide-covered altar of Uskayaw.
  1161 | D:2      | Found a glowing golden altar of the Shining One.
  1161 | D:2      | Found a shimmering altar of Xom.
  1356 | D:3      | Noticed a phantom
  1393 | D:3      | Killed a phantom
  1393 | D:3      | Reached skill level 4 in Axes
  1393 | D:3      | Reached skill level 5 in Shields
  1393 | D:3      | Reached XP level 5. HP: 21/46 MP: 5/5
  1560 | D:3      | Noticed Ijyb
  1583 | D:3      | Killed Ijyb
  1666 | D:3      | Reached skill level 1 in Evocations
  2013 | D:4      | Reached skill level 5 in Axes
  2013 | D:4      | Reached XP level 6. HP: 20/55 MP: 7/7
  2100 | D:4      | You fall through a shaft!
  2100 | D:5      | Entered Level 5 of the Dungeon
  2298 | D:4      | Found a snail-covered altar of Cheibriados.
  2447 | D:4      | Found a staircase to the Ecumenical Temple.
  2478 | Temple   | Entered the Ecumenical Temple
  2894 | D:5      | Reached XP level 7. HP: 17/61 MP: 8/8
  3063 | D:5      | Reached skill level 6 in Axes
  3468 | D:6      | Noticed Prince Ribbit
  3476 | D:6      | Killed Prince Ribbit
  3476 | D:6      | Reached skill level 5 in Evocations
  3476 | D:6      | Reached XP level 8. HP: 62/68 MP: 8/10
  3533 | D:6      | Reached skill level 7 in Axes
  3618 | D:6      | Noticed Edmund
  3659 | D:6      | Killed Edmund
  3659 | D:6      | Reached skill level 8 in Axes
  4001 | D:6      | Noticed Sigmund
  4014 | D:6      | Killed Sigmund
  4014 | D:6      | Gained mutation: You passively map the area around you. [Deep Dwarf growth]
  4014 | D:6      | Reached XP level 9. HP: 62/74 MP: 11/11
  4172 | D:6      | Reached skill level 9 in Axes
  4177 | D:6      | Found a burning altar of Makhleb.
  4191 | D:6      | Became a worshipper of Makhleb the Destroyer
  4370 | D:6      | Found a shadowy altar of Dithmenos.
  4767 | D:6      | Found a sacrificial altar of Ru.
  5265 | D:7      | Reached skill level 10 in Shields
  5298 | D:7      | Reached skill level 10 in Axes
  5538 | D:7      | Found a shimmering altar of Xom.
  5745 | D:8      | Found a transporter.
  5752 | D:8      | Noticed a cyclops
  5820 | D:8      | Found a sparkling altar of Nemelex Xobeh.
  5852 | D:8      | Found a white marble altar of Elyvilon.
  5887 | D:8      | Found a transporter.
  5927 | D:8      | Found a burning altar of Makhleb.
  5928 | D:8      | Found a radiant altar of Vehumet.
  6033 | D:8      | Reached skill level 11 in Axes
  6054 | D:8      | Noticed a two-headed ogre
  6098 | D:8      | Killed a two-headed ogre
  6098 | D:8      | Reached * piety under Makhleb
  6098 | D:8      | Reached XP level 10. HP: 29/81 MP: 10/10
  6251 | D:8      | Reached skill level 12 in Axes
  6297 | D:8      | Killed from afar by an orc priest

Vault maps used:
D:1:      moated_graveyard_arrival, serial_forest, infiniplex_forest_straight_2,
          infiniplex_forest_straight_2, infiniplex_forest_straight_2,
          infiniplex_forest_clump_C, infiniplex_forest_side_room,
          infiniplex_forest_pool, infiniplex_forest_corner_2,
          infiniplex_forest_end_2, minmay_misc_feat_enclosed
D:2:      nicolae_overflow_crystal_walls, gammafunk_temple_overflow_wave,
          marbit_many_paths, okawaru_altar_gauntlet_db, uniq_terence
D:3:      first_bread, uniq_ijyb
D:4:      cheibriados_altar_1, temple_pool_b
D:6:      grunt_dithmenos_smoke, kennysheep_little_box, st_stairs_10,
          bloody_makhleb, uniq_prince_ribbit1, uniq_edmund, uniq_sigmund
D:7:      tgw_xom
D:8:      grunt_temple_overflow_lords_of_destruction,
          gammafunk_temple_overflow_arena, nicolae_overflow_hidden_temple
Temple:   nicolae_temple_figure_zero

Skill      XL: |  1  2  3  4  5  6  7  8  9 10 |
---------------+-------------------------------+-----
Axes           | 3 4 5 6 8 11 12 | 12.0
Shields        | 4 5 6 7 9 10 | 10.0
Evocations     | 1 3 5 6 |  6.0
Fighting       | |  2.6
Armour         | |  3.2

Action                   |  1- 3 |  4- 6 |  7- 9 | 10-12 || total
-------------------------+-------+-------+-------+-------++-------
Melee: War axe           |   112 |   188 |   416 |    45 ||   761
       Whip              |       |       |    18 |       ||    18
 Abil: Heal Wounds       |     1 |     2 |    14 |       ||    17
  Use: Scroll            |       |     3 |    10 |       ||    13
       Potion            |       |       |     2 |       ||     2
  Eat: Chunk             |       |     6 |    12 |     1 ||    19
Armor: Scale mail        |    61 |    70 |    36 |       ||   167
       Chain mail        |       |       |   105 |    20 ||   125
Dodge: Dodged            |    45 |    68 |    94 |     7 ||   214
Block: Shield            |    85 |   115 |   234 |    23 ||   457

Table legend:
 A = Spawn XP
 B = Non-spawn XP
 C = Spawn XP percentage of total XP
 D = Spawn monster count
 E = Non-spawn monster count
 F = Spawn count percentage of total count
 G = Total turns spent on level
                    A         B        C        D         E        F      G
               +---------+---------+-------+---------+---------+-------+---------
         Total |       0 |    6249 |   0.0 |       0 |     172 |   0.0 |  6297
               +---------+---------+-------+---------+---------+-------+---------
           D:1 |       0 |      32 |   0.0 |       0 |      18 |   0.0 |   635
           D:2 |       0 |      78 |   0.0 |       0 |      20 |   0.0 |   632
           D:3 |       0 |     219 |   0.0 |       0 |      20 |   0.0 |   702
           D:4 |       0 |     330 |   0.0 |       0 |      15 |   0.0 |   741
           D:5 |       0 |     550 |   0.0 |       0 |      25 |   0.0 |   740
           D:6 |       0 |    2083 |   0.0 |       0 |      31 |   0.0 |  1280
           D:7 |       0 |     974 |   0.0 |       0 |      18 |   0.0 |   888
           D:8 |       0 |    1983 |   0.0 |       0 |      25 |   0.0 |   552
               +---------+---------+-------+---------+---------+-------+---------
